AoeStats
← VGL.Clown

Black Forest

507440728Analyzed
4v4 RM · 15d ago on Sep 18, 2026· 63m 59s· 8 players
Game mode
Random Map
Map size
Large (8 player)
Population
200
Speed
Normal
Resources
Standard
Victory
Conquest
Starting age
Dark Age
Ending age
Imperial Age
RankedLock teamsTeams togetherTeam positionsShared explorationLock speedFull tech treeHidden civsTurbo modeCheats
Victory
Defeat
🇨🇳 Tatars · China
980
+16
🇨🇳 Chinese · China
977
+17
🇨🇳 Berbers · China
644
+28
🇹🇼 Gurjaras · Taiwan
1042
-19
🇩🇪 Franks · Germany
977
-17
🇩🇪 Ethiopians · Germany
975
-17
🇹🇼 Vikings · Taiwan
954
-17
VGL.Clown
1:56 Loom
12:38 Feudal Age
17:30 Castle Age
16:29 Double-Bit Axe
20:46 Horse Collar
26:41 Gold Mining
26:58 Heavy Plow
29:58 Wheelbarrow
29:11 Town Watch
30:30 Thumb Ring
29:46 Crossbowman
30:27 Fletching
34:17 Imperial Age
33:34 Bodkin Arrow
33:40 Scale Mail Armor
33:50 Forging
34:50 Caravan
35:09 Bow Saw
35:51 Ballistics
36:32 Chemistry
35:42 Bracer
35:58 Chain Mail Armor
38:25 Masonry
38:59 Halberdier
39:40 Squires
42:54 Plate Mail Armor
43:00 Iron Casting
44:30 Squires
46:04 Two-Man Saw
47:22 Blast Furnace
50:07 Elite Shotel Warrior
50:53 Padded Archer Armor
51:21 Siege Engineers
51:22 Torsion Engines
55:22 Squires
55:07 Arson
55:41 Leather Archer Armor
anonymer Alfred
0:37 Loom
14:10 Feudal Age
14:43 Gold Mining
14:42 Double-Bit Axe
14:54 Fishing Lines
15:22 Town Watch
16:18 Stone Mining
22:55 Castle Age
22:18 Arson
23:53 Bow Saw
24:23 Gold Shaft Mining
24:23 Gillnets
24:34 Gillnets
25:01 Fervor
25:08 Husbandry
26:26 Wheelbarrow
27:26 Ballistics
30:11 Hand Cart
33:49 Imperial Age
31:53 Squires
31:39 Gambesons
34:08 Cavalier
35:08 Chivalry
36:23 Conscription
37:02 Hoardings
36:52 Siege Engineers
37:05 Scale Barding Armor
37:11 Forging
36:51 Fletching
36:25 Paladin
37:27 Caravan
39:42 Chain Barding Armor
39:58 Iron Casting
43:02 Plate Barding Armor
42:27 Elite Skirmisher
44:09 Blast Furnace
43:13 Padded Archer Armor
44:22 Bodkin Arrow
holo9527
0:27 Loom
9:41 Feudal Age
10:13 Double-Bit Axe
11:13 Man-at-Arms
15:48 Town Watch
20:44 Castle Age
18:47 Horse Collar
20:39 Stone Mining
20:41 Gold Mining
21:57 Bow Saw
24:56 Heavy Plow
25:16 Fishing Lines
27:38 Gold Shaft Mining
32:11 Imperial Age
30:09 Fletching
30:53 Bodkin Arrow
30:58 Padded Archer Armor
30:20 Crossbowman
31:58 Ballistics
32:57 Bracer
34:31 Chemistry
33:39 Siege Engineers
33:48 Arbalester
36:46 Two-Man Saw
35:56 Onager
37:23 Caravan
37:39 Elite Skirmisher
38:38 Leather Archer Armor
38:24 Scale Mail Armor
39:27 Chemistry
38:08 Treadmill Crane
38:38 Masonry
39:05 Crop Rotation
41:07 Ring Archer Armor
40:53 Chain Mail Armor
41:54 Bogsveigar
42:15 Conscription
42:38 Forging
41:50 Elite Berserk
44:16 Architecture
43:42 Murder Holes
44:19 Plate Mail Armor
44:24 Iron Casting
43:49 Capped Ram
45:08 Capped Ram
46:18 Siege Ram
46:24 Elite Berserk
54:30 Blast Furnace
57:51 Pikeman
58:31 Squires
111
2:39 Loom
13:39 Feudal Age
17:32 Castle Age
17:16 Double-Bit Axe
17:14 Horse Collar
17:29 Gold Mining
17:31 Stone Mining
25:07 Wheelbarrow
24:58 Bow Saw
26:44 Hand Cart
27:47 Treadmill Crane
28:18 Fortified Wall
30:53 Imperial Age
28:32 Heavy Plow
29:07 Caravan
32:10 Stone Shaft Mining
32:12 Gold Shaft Mining
31:45 Scale Barding Armor
31:31 Fletching
31:56 Padded Archer Armor
32:31 Bloodlines
32:32 Husbandry
31:56 Light Cavalry
33:45 Conscription
34:04 Bodkin Arrow
34:24 Leather Archer Armor
34:44 Kshatriyas
35:49 Bracer
36:29 Forging
36:40 Chain Barding Armor
36:42 Frontier Guards
36:50 Arson
36:30 Elite Skirmisher
37:17 Thumb Ring
36:33 Crossbowman
37:56 Hoardings
38:38 Iron Casting
38:04 Scale Mail Armor
37:28 Man-at-Arms
37:44 Elite Elephant Archer
38:39 Town Watch
39:59 Town Patrol
39:35 Heavy Scorpion
41:37 Chain Mail Armor
41:57 Plate Barding Armor
42:22 Crop Rotation
41:40 Long Swordsman
44:12 Chemistry
43:33 Ballistics
43:11 Murder Holes
43:27 Masonry
44:57 Plate Mail Armor
61:56 Siege Elephant
Sakurai Momoka
11:48 Feudal Age
12:26 Double-Bit Axe
15:19 Castle Age
14:15 Fishing Lines
16:21 Bow Saw
17:36 Wheelbarrow
17:53 Horse Collar
18:54 Gillnets
22:51 Heavy Plow
23:52 Stone Mining
25:43 Stone Shaft Mining
25:30 Loom
25:30 Town Watch
26:00 Hand Cart
26:26 Town Watch
27:01 Gold Mining
28:06 Fletching
28:16 Padded Archer Armor
28:17 Scale Mail Armor
28:27 Forging
28:23 Scale Barding Armor
31:29 Imperial Age
29:35 Husbandry
29:45 Bloodlines
29:42 Thumb Ring
30:07 Ballistics
30:20 Kasbah
30:20 Bodkin Arrow
30:47 Leather Archer Armor
31:40 Gold Shaft Mining
31:25 Masonry
30:55 Treadmill Crane
31:21 Pikeman
32:02 Squires
32:32 Conscription
32:51 Hoardings
33:17 Chemistry
32:02 Treadmill Crane
32:31 Maghrebi Camels
31:54 Elite Camel Archer
32:01 Elite Camel Archer
32:08 Onager
33:41 Siege Engineers
33:57 Guilds
34:11 Bracer
34:32 Town Patrol
34:50 Caravan
34:41 Capped Ram
36:57 Ring Archer Armor
36:42 Chain Mail Armor
37:02 Iron Casting
36:48 Chain Barding Armor
38:46 Coinage
39:58 Banking
38:53 Elite Genitour
38:54 Heavy Cavalry Archer
38:55 Elite Skirmisher
38:55 Crossbowman
39:39 Squires
39:24 Arson
38:59 Pikeman
39:02 Cavalier
39:03 Heavy Camel Rider
39:40 Heavy Scorpion
41:34 Plate Mail Armor
42:05 Blast Furnace
41:40 Plate Barding Armor
41:03 Murder Holes
41:19 Fortified Wall
40:59 Guard Tower
40:54 Arrowslits
41:51 Light Cavalry
44:14 Medium Warships
43:24 Demolition Ship
43:25 Elite Cannon Galleon
46:49 Hussar
47:42 Redemption
47:42 Fervor
47:34 Devotion
48:09 Theocracy
47:54 Heresy
47:30 Herbal Medicine
48:00 Illumination
47:35 Atonement
48:58 Man-at-Arms
52:59 Crop Rotation
53:08 Heavy Warships
52:04 Heavy Demolition Ship
57:31 Siphons
57:46 Shipwright
57:36 Clinker Construction
57:37 Careening
57:18 Heated Shot
56:51 Long Swordsman
D4C
5:47 Loom
13:38 Feudal Age
14:35 Double-Bit Axe
17:36 Castle Age
15:19 Horse Collar
18:50 Bow Saw
20:49 Heavy Plow
24:44 Town Watch
26:06 Wheelbarrow
26:55 Stone Mining
26:59 Gold Mining
27:52 Hand Cart
29:31 Town Patrol
31:19 Husbandry
31:29 Bloodlines
33:57 Imperial Age
31:43 Forging
31:25 Fletching
32:27 Gold Shaft Mining
32:17 Bodkin Arrow
32:28 Scale Barding Armor
32:33 Forging
31:46 Light Cavalry
33:01 Silk Armor
33:46 Padded Archer Armor
34:07 Chain Barding Armor
34:23 Iron Casting
34:11 Ballistics
33:41 Heated Shot
33:34 Treadmill Crane
35:06 Conscription
34:12 Heavy Cavalry Archer
35:00 Bracer
35:36 Plate Barding Armor
36:05 Chemistry
36:00 Crop Rotation
36:12 Timurid Siegecraft
36:54 Hussar
38:08 Timurid Siegecraft
38:45 Siege Engineers
38:50 Masonry
38:38 Murder Holes
39:51 Guilds
39:42 Caravan
40:45 Blast Furnace
39:45 Scale Mail Armor
40:01 Leather Archer Armor
39:51 Elite Genitour
44:40 Bombard Tower
45:58 Ring Archer Armor
48:31 Elite Keshik
51:06 Heavy Scorpion
我说狂阿七比肥龙强,B站关注狂阿七谢谢喵
12:11 Feudal Age
13:06 Double-Bit Axe
16:02 Castle Age
15:50 Fishing Lines
17:28 Wheelbarrow
17:46 Bow Saw
19:56 Gillnets
21:26 Fervor
23:28 Hand Cart
24:08 Horse Collar
24:33 Caravan
26:05 Treadmill Crane
32:24 Imperial Age
29:39 Loom
29:40 Town Watch
30:46 Redemption
31:59 Chemistry
31:34 Sanctity
31:20 Heavy Plow
31:53 Fletching
32:27 Ballistics
32:45 Masonry
32:30 Murder Holes
33:15 Guilds
32:36 Onager
34:07 Conscription
34:45 Siege Engineers
35:00 Houfnice
37:08 Wagenburg Tactics
37:09 Hussite Reforms
36:25 Elite Hussite Wagon
36:35 Sappers
37:24 Town Patrol
38:04 Bodkin Arrow
38:10 Padded Archer Armor
38:10 Scale Mail Armor
38:16 Scale Barding Armor
38:22 Forging
38:30 Block Printing
38:40 Illumination
38:10 Herbal Medicine
39:59 Coinage
41:38 Squires
41:24 Arson
40:59 Pikeman
40:59 Man-at-Arms
41:56 Leather Archer Armor
41:42 Bracer
41:57 Chain Mail Armor
42:17 Iron Casting
42:02 Chain Barding Armor
42:13 Bombard Tower
42:23 Architecture
41:39 Arrowslits
45:20 Banking
53:53 Ring Archer Armor
53:54 Plate Mail Armor
54:24 Blast Furnace
52:45 Long Swordsman
52:46 Halberdier
55:39 Two-Man Saw
63:28 Spies/Treason
讨嫌宝儿
0:41 Loom
14:23 Feudal Age
19:12 Castle Age
17:01 Double-Bit Axe
16:57 Horse Collar
20:23 Bow Saw
26:23 Wheelbarrow
27:34 Heavy Plow
27:24 Gold Mining
28:52 Stone Mining
34:08 Imperial Age
32:48 Hand Cart
32:19 Town Watch
32:49 Fletching
32:51 Guard Tower
33:13 Fortified Wall
33:24 Ballistics
34:10 Gold Shaft Mining
34:11 Stone Shaft Mining
34:02 Bodkin Arrow
34:09 Padded Archer Armor
34:40 Masonry
34:26 Murder Holes
34:38 Great Wall
35:28 Conscription
34:52 Elite Chu Ko Nu
35:52 Pikeman
36:33 Squires
36:18 Arson
36:37 Bracer
37:40 Chemistry
37:15 Coinage
36:47 Caravan
37:18 Coinage
36:35 Halberdier
38:36 Leather Archer Armor
38:26 Scale Barding Armor
38:23 Scale Mail Armor
38:34 Forging
38:56 Banking
39:17 Architecture
38:33 Arrowslits
40:42 Two-Man Saw
41:15 Chain Mail Armor
41:35 Iron Casting
41:30 Ring Archer Armor
44:16 Plate Mail Armor
44:46 Blast Furnace
43:08 Elite Fire Lancer
46:56 Thumb Ring
49:16 Rocketry
51:38 Scale Barding Armor
53:18 Chain Barding Armor
52:21 Crossbowman
52:21 Elite Skirmisher
52:21 Heavy Cavalry Archer
52:22 Elite Genitour
52:24 Man-at-Arms
52:36 Sappers
54:39 Plate Barding Armor
58:49 Bombard Tower
58:19 Guard Tower
59:11 Long Swordsman
60:00 Town Patrol
60:47 Two-Handed Swordsman
63:35 Champion
63:49 Arbalester
Connection lost

Rejoining the realm…

Still unreachable

The connection could not be restored.

Session expired

The server has moved on; the page needs a fresh start.